[Event "Live Chess"]
[Site "Chess.com"]
[Date "2023.05.21"]
[Round "-"]
[White "jk0110"]
[Black "smoggyrabbit"]
[Result "0-1"]
[WhiteElo "1115"]
[BlackElo "1698"]
[TimeControl "300"]
[EndTime "16:06:15 PDT"]
[Termination "smoggyrabbit won by resignation"]

1. e4 e6 2. d4 d5 3. Nc3 Nf6 4. e5 Nfd7 5. Nf3 c5 6. dxc5 Nc6 7.
Bd3 Ndxe5 8. Nxe5 Nxe5 9. Bb5+ Bd7 10. Bxd7+ Nxd7 11. Be3 Bxc5 12. Bxc5 Nxc5 13. O-O O-O 14. Ne2 Qf6 15. Ng3 Qxb2 16. Nh5 Rac8 17. Rb1 Qe5 18.
f4 Qe3+ 19. Kh1 f5 20. Rf3 Qe4 21. Rg3 g6 22. Qd2 Na6 23. Re1 Rxc2 24. Rxe4 Rxd2 25.
Re1 Nc5 26. Rg5 Ne4 0-1

[Event "Live Chess"]
[Site "Chess.com"]
[Date "2023.05.21"]
[Round "-"]
[White "weibs440"]
[Black "DaveL5678"]
[Result "1-0"]
[WhiteElo "961"]
[BlackElo "1012"]
[TimeControl "300"]
[EndTime "16:06:25 PDT"]
[Termination "weibs440 won by checkmate"]

1. e4 c6 2. d4 d5 3. f3 e6 4. Nc3 Bb4 5. Qd3 c5 6. dxc5 Bxc5 7. exd5 Qd6 8. Be3 Bxe3 9. Qxe3 Nf6 10. O-O-O O-O 11. dxe6 Qxe6 12. Qxe6 Bxe6 13. Bd3 Nc6 14.
Nge2 Rad8 15. Nf4 Bc8 16. Bb5 Rxd1+ 17. Rxd1 Bd7 18. g4 Re8 19. g5 Re5 20. gxf6 Rxb5 21.
Nxb5 Ne5 22. fxg7 Bxb5 23. Rd5 Nxf3 24. Rxb5 Nxh2 25. Nh5 b6 26. Rd5 Nf3 27. Rd8# 1-0

[Event "Live Chess"]
[Site "Chess.com"]
[Date "2023.05.21"]
[Round "-"]
[White "JoeyCage"]
[Black "domrobson"]
[Result "1-0"]
[WhiteElo "2322"]
[BlackElo "1771"]
[TimeControl "300"]
[EndTime "16:06:29 PDT"]
[Termination "JoeyCage won by resignation"]

1. e4 e5 2. Nf3 Nc6 3. Bb5 a6 4.
Bxc6 dxc6 5. d4 exd4 6. Qxd4 Bg4 7.
Nbd2 Bxf3 8. Nxf3 Qxd4 9. Nxd4 O-O-O 10. Be3 Nf6 11. f3 Bc5 12. O-O-O Rd7 13. Nf5 Bxe3+ 14.
Nxe3 Rhd8 15. Rxd7 Rxd7 16. Rd1 Rxd1+ 17. Nxd1 Kd7 18.
Kd2 Ke6 19. Ke3 g5 20. Nf2 h5 21. g3 c5 22. f4 gxf4+ 23. gxf4 c6 24. h3 b6 25. Nd3 Nd7 26. f5+ Kf6 27. Kf4 b5 28. e5+ Kg7 29. e6 fxe6 30. fxe6 Nf6 31. Nxc5 Kf8 32.
Nd7+ Nxd7 33. exd7 Ke7 34. Kg5 Kxd7 35. Kxh5 Ke6 36.
Kg5 c5 37. Kf4 a5 38. Ke4 b4 39. c3 a4 40. a3 1-0

[Event "Live Chess"]
[Site "Chess.com"]
[Date "2023.05.21"]
[Round "-"]
[White "jimwad"]
[Black "GMHarry-youtube"]
[Result "0-1"]
[WhiteElo "1226"]
[BlackElo "2008"]
[TimeControl "300"]
[EndTime "16:06:33 PDT"]
[Termination "GMHarry-youtube won by resignation"]

1. c4 Nf6 2. g3 g6 3. Bg2 Bg7 4. d3 O-O 5. Nc3 c6 6. e4 e6 7. Nf3 d5 8. cxd5 cxd5 9. e5 Nfd7 10. d4 Nc6 11. O-O a6 12. Be3 b5 13. a3 Nb6 14.
b4 Nc4 15. Qe2 Ne7 16. Rac1 Nf5 17. Bd2 Nxa3 18. Ra1 Nc2 19. Ra2 Ncxd4 20. Nxd4 Nxd4 21. Qd3 Nf5 22. f4 Qb6+ 23. Kh1 Qd4 24. Qxd4 Nxd4 25. Be3 Nc6 26. Nxb5 Nxb4 27. Ra4 Bd7 28. Nc7 Bxa4 29. Nxa8 Rxa8 30. Ra1 Bb5 31. Bd4 Nc2 32. Ra2 Nxd4 0-1

[Event "Live Chess"]
[Site "Chess.com"]
[Date "2023.05.21"]
[Round "-"]
[White "toog"]
[Black "CheckThis4"]
[Result "0-1"]
[WhiteElo "2597"]
[BlackElo "2539"]
[TimeControl "300"]
[EndTime "16:06:36 PDT"]
[Termination "CheckThis4 won by resignation"]

1. d4 Nf6 2. c4 e5 3. dxe5 Ng4 4. e3 Nxe5 5. f4 Nec6 6. Nf3 Bc5 7. Nc3 d6 8. Bd3 a5 9. Nd5 Nb4 10. a3 Nxd3+ 11. Qxd3 c6 12. Nc3 Nd7 13. Ne4 Nf6 14.
Nxc5 dxc5 15. Qxd8+ Kxd8 16. Bd2 Be6 17. Ne5 Nd7 18.
Nxd7 Kxd7 19. Bc3 Bxc4 20. O-O-O+ Ke6 21. Bxg7 Rhg8 22. Bc3 Rxg2 23. e4 Bb3 24. f5+ Ke7 25. Rd3 Rc2+ 26. Kb1 Re2 27. Rh3 Bc2+ 28. Ka1 Bxe4 29.
Rf1 a4 30. Rxh7 Rg8 31. f6+ Ke6 32. Rh5 Bd5 33. Re5+ Rxe5 0-1

[Event "Live Chess"]
[Site "Chess.com"]
[Date "2023.05.21"]
[Round "-"]
[White "Singapourfeuj"]
[Black "wot-not"]
[Result "1-0"]
[WhiteElo "2189"]
[BlackElo "1546"]
[TimeControl "300"]
[EndTime "16:06:37 PDT"]
[Termination "Singapourfeuj won by resignation"]

1. d4 Nf6 2. Nf3 d6 3. c4 Bg4 4.
Nc3 Nbd7 5. e4 e5 6. d5 Be7 7.
h3 Bxf3 8. Qxf3 Nf8 9. g3 Ng6 10.
Bg2 O-O 11. h4 a6 12. h5 Nh8 13. g4 Ne8 14. Bh3 Bg5 15. Bxg5 Qxg5 16. Nd1 Qf4 17. Qxf4 exf4 18. f3 g6 19. Bf1 g5 20. Nf2 f6 21. h6 Nf7 22. Nd3 c6 23. Rc1 Rc8 24. Be2 Nc7 25. Kd2 cxd5 26. cxd5 Ne5 27. Nxe5 fxe5 28. Rh5 Rf6 29. Rxg5+ Rg6 30. Rxg6+ hxg6 31. g5 Kf7 32. b4 Ke7 33. a4 Kd7 34. b5 axb5 35.
axb5 Ra8 36. b6 Ne8 37. Bb5+ Ke7 38. h7 Ng7 39. Rc7+ 1-0

[Event "Live Chess"]
[Site "Chess.com"]
[Date "2023.05.21"]
[Round "-"]
[White "martynstanley"]
[Black "Missedidea"]
[Result "0-1"]
[WhiteElo "1002"]
[BlackElo "1812"]
[TimeControl "300"]
[EndTime "16:06:37 PDT"]
[Termination "Missedidea won by checkmate"]

1. d4 Nf6 2. e3 g6 3. Bd3 Bg7 4.
c3 O-O 5. f4 d6 6. Nf3 Nbd7 7.
O-O e5 8. fxe5 dxe5 9. Nxe5 Nxe5 10. dxe5 Ng4 11. h3 Nxe5 12. Na3 Qxd3 13. Qxd3 Nxd3 14. b3 c6 15. c4 Bxa1 16. Nc2 Bg7 17. Nd4 Bd7 18. Bd2 Rfe8 19. g4 Re7 20. Kg2 Rae8 21.
Rf3 Ne5 22. Rg3 b6 23. b4 Bc8 24. a4 Bb7 25. c5 Nd7 26. Kf3 bxc5 27. bxc5 Nxc5 28.
Bb4 Rxe3+ 29. Kf4 Nd3+ 30. Kg5 h6+ 31. Kh4 Bf6+ 32. g5 R8e4+ 33. Rg4 hxg5# 0-1

[Event "Live Chess"]
[Site "Chess.com"]
[Date "2023.05.21"]
[Round "-"]
[White "ZackirtyChess"]
[Black "Brooms1989"]
[Result "1-0"]
[WhiteElo "1170"]
[BlackElo "1088"]
[TimeControl "300"]
[EndTime "16:06:43 PDT"]
[Termination "ZackirtyChess won by resignation"]

1. f4 Nf6 2. Nf3 Nc6 3. Nc3 g6 4. d3 Bg7 5. e4 d6 6. g3 Bg4 7. Be2 Bxf3 8. Bxf3 Nd4 9. Be3 Nxf3+ 10. Qxf3 O-O 11.
O-O c5 12. e5 dxe5 13. fxe5 Nd7 14. Qxb7 Bxe5 15. Bf4 Bd4+ 16. Kh1 e5 17. Bh6 Re8 18. Qf3 Re7 19. Bg5 Bxc3 20. Bxe7 Qxe7 21. bxc3 Rf8 22.
Rab1 f5 23. Qd5+ Kh8 24. Rb7 Rd8 25. Re1 e4 26. dxe4 fxe4 27. Rxe4 Qf6 28. Rf4 Qxc3 29. Rxd7 Qe1+ 30. Kg2 Qe2+ 31. Rf2 Qe8 32. Rxd8 1-0

[Event "Live Chess"]
[Site "Chess.com"]
[Date "2023.05.21"]
[Round "-"]
[White "Conradical12"]
[Black "EdenHazard8"]
[Result "1-0"]
[WhiteElo "1619"]
[BlackElo "2034"]
[TimeControl "300"]
[EndTime "16:06:43 PDT"]
[Termination "Conradical12 won by resignation"]

1. e4 c5 2. Nf3 Nc6 3. Bc4 e6 4. d4 cxd4 5. Nxd4 Nf6 6. Nxc6 bxc6 7. Nc3 d5 8. exd5 exd5 9. Be2 Bd6 10. Be3 O-O 11.
O-O Re8 12. Bd3 Rb8 13. Rb1 Bxh2+ 14. Kxh2 Ng4+ 15. Kg1 d4 16. Bf4 Rb4 17. a3 dxc3 18. axb4 Qf6 19. Qf3 Be6 20. bxc3 h5 21. Qxc6 Rc8 22.
Qf3 Bd5 23. Qxd5 Qxf4 24. g3 Qc7 25. Qf5 Ne5 26. Qh7+ Kf8 27. Rbe1 Nf3+ 28. Kg2 Nxe1+ 29. Rxe1 Qc6+ 30. Be4 Qh6 31. Qxh6 gxh6 32. Re3 Kg7 33.
f4 1-0

[Event "Live Chess"]
[Site "Chess.com"]
[Date "2023.05.21"]
[Round "-"]
[White "risinghelios"]
[Black "Pablo_dmp"]
[Result "0-1"]
[WhiteElo "1889"]
[BlackElo "1885"]
[TimeControl "300"]
[EndTime "16:06:48 PDT"]
[Termination "Pablo_dmp won by resignation"]

1. e4 c6 2. d4 d5 3. exd5 cxd5 4. Nf3 Nf6 5. Bd3 Bg4 6. c3 e6 7. h3 Bh5 8. Bg5 Be7 9. g4 Bg6 10. Bxg6 hxg6 11. Ne5 Nbd7 12. f4 Ne4 13. Bxe7 Qxe7 14.
Nd2 Qh4+ 15. Ke2 Ng3+ 16. Kd3 Nxe5+ 17. fxe5 Nxh1 18. Qxh1 Qxh3+ 19. Qxh3 Rxh3+ 20. Kc2 O-O-O 21. Nb3 0-1

[Event "Live Chess"]
[Site "Chess.com"]
[Date "2023.05.21"]
[Round "-"]
[White "educatedlad"]
[Black "BJAW87"]
[Result "0-1"]
[WhiteElo "1607"]
[BlackElo "1438"]
[TimeControl "300"]
[EndTime "16:06:51 PDT"]
[Termination "BJAW87 won by resignation"]

1. e4 c6 2. Nc3 d5 3. d4 dxe4 4.
Nxe4 Bf5 5. Ng3 Bg6 6. h4 h5 7.
Be3 Qa5+ 8. c3 Nf6 9. Bd3 Bxd3 10. Qxd3 e6 11. Ne4 Nbd7 12. Ne2 O-O-O 13. O-O Ne5 14. Qc2 Neg4 15. Nxf6 Nxf6 16. Bg5 Be7 17.
b4 Qc7 18. Bf4 Bd6 19. g3 Nd5 20. Bxd6 Qxd6 21. a4 f5 22. Rfb1 f4 23. Kg2 fxg3 24. Nxg3 Rhf8 25. Ne4 Qf4 26. Qd3 Qg4+ 27. Ng3 Nf4+ 28.
Kh2 Nxd3 29. Rd1 Rxf2+ 0-1

[Event "Live Chess"]
[Site "Chess.com"]
[Date "2023.05.21"]
[Round "-"]
[White "gmnorfolk"]
[Black "Biranidun"]
[Result "0-1"]
[WhiteElo "2110"]
[BlackElo "2686"]
[TimeControl "300"]
[EndTime "16:07:00 PDT"]
[Termination "Biranidun won by resignation"]

1. d4 Nf6 2. c4 g6 3. Nc3 Bg7 4. e4 d6 5. Be2 O-O 6. Be3 e5 7. d5 Na6 8. h4 Nc5 9. f3 Nh5 10. g4 Nf4 11. Qd2 f5 12. gxf5 Ng2+ 13. Kd1 Nxe3+ 14. Qxe3 gxf5 15. Kc2 Kh8 16. h5 fxe4 17. fxe4 Rf4 18. h6 Bf6 19. Nh3 Bxh3 20. Rxh3 Bg5 21. Rg3 Bxh6 22. Rh1 Rh4 23. Qxh6 Rxh6 24. Rxh6 Qe7 25.
Rgh3 Rg8 26. b4 Nd7 27. Re6 Qf7 28. Rf3 Qg7 29. Rf2 Rf8 30. Rh2 Nf6 31. Rf2 a6 32. Bd3 Kg8 33. Kb3 Nh5 34. Rxf8+ Kxf8 35. Be2 Nf4 0-1

[Event "Live Chess"]
[Site "Chess.com"]
[Date "2023.05.21"]
[Round "-"]
[White "Man-Del-Brot"]
[Black "JoshMcK"]
[Result "0-1"]
[WhiteElo "1064"]
[BlackElo "1518"]
[TimeControl "300"]
[EndTime "16:07:05 PDT"]
[Termination "JoshMcK won by checkmate"]

1. g4 e5 2. h4 d5 3. g5 h6 4. d3 hxg5 5. Bxg5 f6 6. Bd2 g5 7. Bg2 Rxh4 8. Rxh4 gxh4 9. Nc3 Be6 10. e4 d4 11. Nce2 Nc6 12. f4 Qd7 13. fxe5 fxe5 14.
Nf3 Be7 15. Neg1 O-O-O 16. Qe2 h3 17. Bh1 Nf6 18. O-O-O Ng4 19. Bg5 Bxg5+ 20. Nxg5 h2 21. Bf3 hxg1=Q 22. Rxg1 Ne3 23. Nxe6 Qxe6 24. Kb1 Rg8 25.
Rxg8+ Qxg8 26. b3 Qg1+ 27. Kb2 b6 28. Bh5 Qf1 29. Qh2 Nd1+ 30. Ka3 Nc3 31. Bg4+ Kb7 32. Bh3 Qc1# 0-1

[Event "Live Chess"]
[Site "Chess.com"]
[Date "2023.05.21"]
[Round "-"]
[White "AbilifyXL"]
[Black "manthanit"]
[Result "1-0"]
[WhiteElo "1965"]
[BlackElo "1054"]
[TimeControl "300"]
[EndTime "16:07:14 PDT"]
[Termination "AbilifyXL won by resignation"]

1. d4 e6 2. c4 d5 3. Nc3 Bd7 4.
cxd5 exd5 5. Nxd5 c6 6. Nc3 Bb4 7. Nf3 Nf6 8. Bg5 O-O 9. e4 Bg4 10. e5 Bxf3 11. Qxf3 Bxc3+ 12. bxc3 Qd5 13. exf6 Re8+ 14.
Be3 b6 15. Qxd5 cxd5 16. fxg7 Kxg7 17. Bd3 Nc6 18. O-O Na5 19. Rfe1 Nc4 20. Bxc4 dxc4 21. Bf4 Re6 22. g3 Rae8 23. Rxe6 Rxe6 24. Be3 b5 25. Rd1 a6 26. d5 Re7 27. d6 Rd7 28. Bc5 f5 29. Re1 Kf6 30. Re7 Rxe7 31. dxe7 Kf7 32. Kg2 Ke8 33. Kf3 h5 34. Kf4 1-0

[Event "Live Chess"]
[Site "Chess.com"]
[Date "2023.05.21"]
[Round "-"]
[White "WilliamofOrange16th"]
[Black "CeladonFish"]
[Result "1-0"]
[WhiteElo "1845"]
[BlackElo "1126"]
[TimeControl "300"]
[EndTime "16:07:15 PDT"]
[Termination "WilliamofOrange16th won by checkmate"]

1. e4 d6 2. d4 Nf6 3. Nc3 g6 4.
f3 Bg7 5. Be3 O-O 6. Qd2 Nc6 7.
O-O-O d5 8. e5 Nh5 9. g4 f6 10.
gxh5 gxh5 11. Bh6 fxe5 12. Bxg7 Kxg7 13. Qg5+ Kh8 14. Bd3 e4 15. fxe4 dxe4 16. Bxe4 Rg8 17.
Qxh5 Rg7 18. h3 Nxd4 19. Nge2 Nxe2+ 20. Nxe2 Qf8 21. Rdf1 Qd8 22. Rhg1 Qg8 23. Rxg7 Qxg7 24. Rf8+ Qg8 25. Qxh7# 1-0

[Event "Live Chess"]
[Site "Chess.com"]
[Date "2023.05.21"]
[Round "-"]
[White "grillage"]
[Black "IgorSchukin"]
[Result "0-1"]
[WhiteElo "1847"]
[BlackElo "1751"]
[TimeControl "300"]
[EndTime "16:07:29 PDT"]
[Termination "IgorSchukin won on time"]

1. d4 d5 2. Nf3 Nf6 3. c4 g6 4. cxd5 Nxd5 5. e4 Nb6 6. Nc3 Bg7 7. Bb5+ Bd7 8. Be2 O-O 9. O-O Nc6 10. d5 Ne5 11. Nxe5 Bxe5 12. Be3 e6 13. f4 Bg7 14. Qd2 exd5 15. Nxd5 Nxd5 16. Qxd5 Bxb2 17. Rab1 Bg7 18. Rxb7 Be6 19. Qxd8 Rfxd8 20. a4 Bd4 21. Kf2 Bb6 22.
Bxb6 cxb6 23. Rc1 Bb3 24. a5 bxa5 25. Rxb3 a4 26. Ra3 Rd4 27. Ke3 Rb4 28. Rca1 Rc8 29. Rxa4 Rc3+ 30. Bd3 Rbb3 31. Rd4 Rb7 32. e5 Kg7 33.
Ra6 h5 34. g3 Rcb3 35. e6 Re7 36. Re4 fxe6 37. Raxe6 Rxe6 38. Rxe6 Kf7 39. Ra6 h4 40.
Rxa7+ Kf6 41. gxh4 Rb2 42. Ra6+ Kf7 43. Be2 Rb3+ 44. Kf2 Rh3 45. Kg2 Rxh4 46. Kg3 Rh8 47. Bd3 Rg8 48. h4 Rd8 49. Kg4 Rxd3 50. Rc6 Rd5 51.
Rc7+ Kf6 52. Ra7 Rc5 53. Ra6+ Kg7 54. Re6 Kf7 55. Re5 Rc1 56. h5 Rg1+ 57. Kh4 Rh1+ 58. Kg3 gxh5 59. Kg2 Rh4 60. Kg3 Rg4+ 61. Kf3 Kg6 0-1

[Event "Live Chess"]
[Site "Chess.com"]
[Date "2023.05.21"]
[Round "-"]
[White "Long1968"]
[Black "LutherSullivan"]
[Result "0-1"]
[WhiteElo "1209"]
[BlackElo "2067"]
[TimeControl "300"]
[EndTime "16:07:44 PDT"]
[Termination "LutherSullivan won on time"]

1. e4 g6 2. d4 Bg7 3. Nc3 c6 4. Bc4 e6 5. Nf3 d5 6. exd5 exd5 7. Be2 Nf6 8. O-O O-O 9. Bg5 Nbd7 10. Qd2 Qb6 11. h4 Ne4 12. Qd3 Ndf6 13. Ne5 Bf5 14. Nxe4 Nxe4 15. Qb3 Qxd4 16. Nf3 Qxb2 17. Qxb2 Bxb2 18.
Rab1 Bg7 19. Rxb7 Rfe8 20. Bd3 Nc5 21. Rc7 Nxd3 22. cxd3 Bxd3 23. Rd1 Be2 24. Rd2 Bxf3 25. gxf3 Re6 26. Rc2 h6 27. Be3 d4 28. Bd2 d3 29.
Rc1 Re2 30. Be3 d2 31. Bxd2 Rxd2 0-1

[Event "Live Chess"]
[Site "Chess.com"]
[Date "2023.05.21"]
[Round "-"]
[White "1600x"]
[Black "Tushinskiy"]
[Result "1-0"]
[WhiteElo "1826"]
[BlackElo "2169"]
[TimeControl "300"]
[EndTime "16:07:55 PDT"]
[Termination "1600x won by resignation"]

1. e4 e5 2. Nf3 d6 3. Nc3 Bg4 4. d4 Nd7 5. d5 Ngf6 6. Qe2 Be7 7.
Qb5 Rb8 8. Qd3 O-O 9. h3 Bh5 10. Qe2 c6 11. g4 Bg6 12. dxc6 bxc6 13. g5 Nh5 14. a3 Nc5 15. h4 Ne6 16. Qc4 Rc8 17.
Bh3 Qd7 18. Be3 Rfd8 19. O-O-O d5 20. Nxe5 Qb7 21. Qb3 Qxb3 22. cxb3 Nhf4 23. Bxf4 Nxf4 24. Bxc8 Rxc8 25. Nxg6 hxg6 26. b4 Rd8 27. exd5 cxd5 28. Nb5 a6 29. Nd4 Bf8 30. Kd2 f6 31. Rc1 Bd6 32.
Nf3 Nh5 33. Rc6 d4 34. Rd1 Nf4 35. Rxa6 f5 36. Rc6 Kh7 37. b5 d3 38. Kc3 Bb8 39. a4 Ne2+ 40. Kb4 Bd6+ 41. Kb3 Bf4 42. b6 d2 43. Kc2 Ra8 44. Ra1 Rd8 45. Rc4 Rb8 46. a5 Rb7 47. a6 Rxb6 48. a7 Nc1 49. a8=Q Rxb2+ 50. Kxb2 d1=Q 51. Raxc1 Bxc1+ 52. Rxc1 Qxf3 53. Qxf3 f4 54. Qxf4 Kg8 55. Rc7 Kh7 56. Qf7 1-0

[Event "Live Chess"]
[Site "Chess.com"]
[Date "2023.05.21"]
[Round "-"]
[White "mikkyb4"]
[Black "xx_blindpuffin_xx"]
[Result "0-1"]
[WhiteElo "1031"]
[BlackElo "2208"]
[TimeControl "300"]
[EndTime "16:08:02 PDT"]
[Termination "xx_blindpuffin_xx won by resignation"]

1. e4 e6 2. b3 d5 3. Bb2 dxe4 4. Nc3 Nf6 5. Qe2 Nc6 6. g4 Nd4 7. Qc4 Nxc2+ 8. Kd1 Nxa1 9. Nxe4 Nxe4 10. Qxe4 Nxb3 11. axb3 Qd5 12. Qxd5 exd5 13. Bd3 0-1

[Event "Live Chess"]
[Site "Chess.com"]
[Date "2023.05.21"]
[Round "-"]
[White "nigelst"]
[Black "Ed_Knox"]
[Result "1-0"]
[WhiteElo "1806"]
[BlackElo "1438"]
[TimeControl "300"]
[EndTime "16:08:19 PDT"]
[Termination "nigelst won by checkmate"]

1. e4 d5 2. exd5 Qxd5 3. Nc3 Qd8 4.
d4 c6 5. Nf3 Bf5 6. Bc4 e6 7.
O-O Nf6 8. Re1 Be7 9. Ne5 O-O 10. Be3 Nbd7 11. Bd3 Bxd3 12. Nxd3 Nd5 13. Nxd5 cxd5 14. Bf4 Bg5 15. Qd2 Bxf4 16. Qxf4 Nf6 17. Ne5 Qb8 18. c3 Nd7 19. Qg3 Nf6 20. f3 a5 21. Qh4 Qd8 22. Ng4 Nxg4 23. Qxg4 Rc8 24. Re5 b5 25. Rh5 Qf6 26. Re1 g6 27. Rhe5 b4 28.
cxb4 axb4 29. R5e2 Rc4 30. Rd1 Rfc8 31. h4 Rc1 32.
Ree1 Rxd1 33. Rxd1 Rc2 34. h5 Rxb2 35. h6 Rxa2 36. Qg3 b3 37. Qb8+ Qd8 38. Qxd8# 1-0

[Event "Live Chess"]
[Site "Chess.com"]
[Date "2023.05.21"]
[Round "-"]
[White "EdenHazard8"]
[Black "ZackirtyChess"]
[Result "1-0"]
[WhiteElo "2034"]
[BlackElo "1170"]
[TimeControl "300"]
[EndTime "16:08:26 PDT"]
[Termination "EdenHazard8 won by resignation"]

1. e4 d5 2. exd5 Qxd5 3. Nc3 Qa5 4. d4 Nf6 5. Nf3 Nc6 6. Bd2 Qb6 7. Bc4 Qxb2 8. Rb1 Qa3 9. Rb3 Qa5 10. Nd5 Qxa2 11. Nxc7+ Kd8 12. Nxa8 Na5 13. Bxa5+ b6 14. Bc3 1-0

[Event "Live Chess"]
[Site "Chess.com"]
[Date "2023.05.21"]
[Round "-"]
[White "Cimon"]
[Black "Olisingapore"]
[Result "1-0"]
[WhiteElo "1869"]
[BlackElo "1836"]
[TimeControl "300"]
[EndTime "16:08:27 PDT"]
[Termination "Cimon won by checkmate"]

1. Nf3 d5 2. d4 c5 3. c3 Nc6 4. Bf4 Bf5 5. e3 Nf6 6. h3 e6 7. Bd3 Bxd3 8. Qxd3 c4 9. Qc2 b5 10. Nbd2 Be7 11. O-O O-O 12. e4 Nh5 13. Bh2 a5 14. g4 Nf6 15. e5 Nd7 16. Ne1 b4 17. f4 a4 18. Ng2 a3 19. b3 bxc3 20. Qxc3 Bb4 21.
Qe3 Bxd2 22. Qxd2 cxb3 23. axb3 Qb6 24. Rfd1 Qxb3 25. f5 Nb6 26. f6 g6 27. Qh6 Qxd1+ 28. Rxd1 a2 29. Qg7# 1-0

[Event "Live Chess"]
[Site "Chess.com"]
[Date "2023.05.21"]
[Round "-"]
[White "Jo1ts"]
[Black "smoggyrabbit"]
[Result "0-1"]
[WhiteElo "779"]
[BlackElo "1698"]
[TimeControl "300"]
[EndTime "16:08:29 PDT"]
[Termination "smoggyrabbit won by resignation"]

1. d4 e6 2. Nf3 f5 3. Bf4 Nf6 4. e3 b6 5. Bd3 Bb7 6. O-O Be7 7. c3 Ne4 8. Qc2 O-O 9. Nbd2 d5 10. Ne5 g5 11. Bxg5 Bxg5 12. f3 Bxe3+ 0-1

[Event "Live Chess"]
[Site "Chess.com"]
[Date "2023.05.21"]
[Round "-"]
[White "Shepherds_Pie"]
[Black "Delacorta"]
[Result "1-0"]
[WhiteElo "1920"]
[BlackElo "1427"]
[TimeControl "300"]
[EndTime "16:08:37 PDT"]
[Termination "Shepherds_Pie won by resignation"]

1. c4 e6 2. Nc3 f5 3. e4 fxe4 4.
d3 Nf6 5. Bg5 Be7 6. Qd2 O-O 7.
h4 d5 8. dxe4 d4 9. e5 dxc3 10.
Qxd8 cxb2 11. Qxf8+ Bxf8 12. Rb1 Nfd7 13. Rxb2 Nxe5 14.
Bf4 Nbd7 15. Nf3 Nxf3+ 16. gxf3 Bd6 17. Bxd6 cxd6 18. Bd3 b6 19. Be4 Rb8 20. O-O Nf6 21. Rd1 d5 22. cxd5 exd5 23. Bxd5+ Nxd5 24. Rxd5 Bb7 25. Rd3 Re8 26. Kg2 Ba6 27. Re3 1-0

[Event "Live Chess"]
[Site "Chess.com"]
[Date "2023.05.21"]
[Round "-"]
[White "Doge_Dandolo"]
[Black "HonestJoe1"]
[Result "0-1"]
[WhiteElo "2021"]
[BlackElo "2103"]
[TimeControl "300"]
[EndTime "16:08:49 PDT"]
[Termination "HonestJoe1 won by resignation"]

1. Nf3 c5 2. c4 Nf6 3. g3 g6 4. Bg2 Bg7 5. Nc3 O-O 6. O-O Nc6 7. d4 cxd4 8. Nxd4 Ng4 9. Nc2 d6 10. Ne3 Bd7 11. Ned5 Nge5 12. Ne3 Be6 13. Ncd5 a6 14. Qc2 Rc8 15. Bd2 Nd4 16. Qd1 Nxc4 17. Nxc4 Rxc4 18. e3 Nf5 19. Rc1 Rxc1 20. Qxc1 Bxd5 21. Bxd5 Qb6 22.
b3 e6 23. Bg2 d5 24. e4 dxe4 25. Bxe4 Nd6 26. Be3 Qa5 27. Bg2 Rc8 28. Qd2 Qxd2 29. Bxd2 Rc2 30. Bb4 Bf8 31. Bxd6 Bxd6 32. Bxb7 Rxa2 33.
Rd1 Bc5 34. Rf1 Kg7 35. Kg2 Kf6 36. Kf3 Ra3 37. Ke2 a5 38. f4 Rxb3 39. Ra1 Rxb7 0-1

[Event "Live Chess"]
[Site "Chess.com"]
[Date "2023.05.21"]
[Round "-"]
[White "WelshTiger"]
[Black "CameronM1234"]
[Result "1-0"]
[WhiteElo "2369"]
[BlackElo "1095"]
[TimeControl "300"]
[EndTime "16:08:54 PDT"]
[Termination "WelshTiger won on time"]

1. e4 g6 2. h3 Bg7 3. d4 d6 4. Nc3 Nf6 5. Nf3 Nbd7 6. Bc4 O-O 7.
O-O e5 8. Bg5 h6 9. Bh4 g5 10.
Bg3 exd4 11. Nxd4 Re8 12. Re1 Nc5 13. f3 a6 14. a4 Bd7 15. Bf2 Re7 16. Qd2 Qe8 17.
a5 b5 18. axb6 cxb6 19. b4 Na4 20. Nxa4 Bxa4 21. Nf5 Rc7 22. Nxg7 Kxg7 23. Bd3 Nd7 24. Rxa4 Nc5 25. Raa1 Nxd3 26. cxd3 Qb5 27. Bd4+ Kg8 28.
h4 Rac8 29. hxg5 Rc2 30. Qf4 Qxd3 31. Qf6 Kf8 32. Qxd6+ Kg8 33. Qf6 Kf8 34. Qxh6+ Ke8 35. Rad1 Qc4 36. Qh8+ Kd7 37. Bf2+ Kc6 38. Qxc8+ Kb5 39.
Qd7+ Kxb4 40. Rd4 b5 41. Rxc4+ bxc4 42. Qb7+ Kc3 43. Qxa6 Rxf2 44. Rc1+ Kd3 45. Qxc4+ Ke3 46. Qc5+ 1-0

[Event "Live Chess"]
[Site "Chess.com"]
[Date "2023.05.21"]
[Round "-"]
[White "ShanthamGrarks"]
[Black "PaulHumphreys"]
[Result "1-0"]
[WhiteElo "1981"]
[BlackElo "1368"]
[TimeControl "300"]
[EndTime "16:09:03 PDT"]
[Termination "ShanthamGrarks won on time"]

1. d4 e6 2. e4 d5 3. Nc3 c5 4. exd5 cxd4 5. Qxd4 Nf6 6. Bg5 Be7 7. Bb5+ Bd7 8.
dxe6 Bxb5 9. exf7+ Kxf7 10. Qxd8 Rxd8 11. Nxb5 Nc6 12. Ne2 Nb4 13. Nbd4 Rac8 14. c3 Nd3+ 15.
Kf1 b6 16. Rb1 h6 17. Bxf6 Bxf6 18. g3 Ne5 19. Kg2 Re8 20. Nb5 Nc4 21. Nf4 a6 22.
b3 axb5 23. bxc4 bxc4 24. Rxb6 Bxc3 25. Rd1 Be5 26. Rd7+ Kg8 27. Ng6 Bd4 28. Rbb7 Bf6 29. Nf4 c3 30. Rbc7 c2 31. Nd3 Bg5 32. f4 Re2+ 33. Kf3 Rxc7 34. Rxc7 Rd2 35. Rc8+ Kh7 36. fxg5 Rxd3+ 37. Ke2 Ra3 38. gxh6 Rxa2 39. Kd2 Kxh6 40. Rxc2 Ra4 41. Ke2 Kg5 42. Kf2 Kg4 43. Kg2 g5 44. h3+ Kh5 45. Re2 Ra5 46. Kf3 Kg6 47. g4 Ra3+ 48.
Re3 Ra1 49. Re6+ Kf7 50. Rh6 Ra3+ 51. Ke4 Kg7 52. Rc6 Rxh3 53. Kf5 1-0

[Event "Live Chess"]
[Site "Chess.com"]
[Date "2023.05.21"]
[Round "-"]
[White "Hussamalhaidar"]
[Black "LL220284LL"]
[Result "0-1"]
[WhiteElo "1039"]
[BlackElo "2389"]
[TimeControl "300"]
[EndTime "16:09:14 PDT"]
[Termination "LL220284LL won on time"]

1. e4 c6 2. b3 d6 3. Bb2 Nd7 4. Nf3 e5 5. Be2 Ngf6 6. d3 g6 7. Nbd2 Bg7 8. O-O O-O 9. h3 Qc7 10. d4 exd4 11. Nxd4 Re8 12. e5 dxe5 13. N4f3 e4 14.
Ng5 h6 15. Ngxe4 Nxe4 16. Bxg7 Kxg7 17. Nf3 Ndf6 18. Qd4 Bf5 19. Bd3 Rad8 20. Qxa7 Nd6 21. Bxf5 Nxf5 22. Rad1 Ra8 23. Qc5 Rxa2 24. c4 Ne4 25. Qb4 Qa5 26. Qxb7 Nc3 27. Rde1 Rxe1 28. Nxe1 Ne2+ 29. Kh2 Ned4 30. Nd3 Qd2 31. Ne5 Qf4+ 32. g3 Qxe5 33. Kg1 Qe4 0-1

[Event "Live Chess"]
[Site "Chess.com"]
[Date "2023.05.21"]
[Round "-"]
[White "raminguy"]
[Black "Daniel_Gliddon_FA"]
[Result "1-0"]
[WhiteElo "1960"]
[BlackElo "1228"]
[TimeControl "300"]
[EndTime "16:09:23 PDT"]
[Termination "raminguy won on time"]

1. d4 Nf6 2. Nc3 g6 3. e4 Bg7 4. e5 Ng8 5. Bf4 Nc6 6. Qd2 d6 7. exd6 exd6 8. Nf3 Qf6 9. Bg5 Qf5 10. O-O-O Nxd4 11. Nxd4 Bxd4 12. Qxd4 Qxg5+ 13. f4 Qf6 14. Re1+ Be6 15. Qb4 O-O-O 16. g3 Ne7 17. Bg2 Rhe8 18.
Bxb7+ Kd7 19. Qa4+ c6 20. Qxa7 Rb8 21. Ba6+ Kd8 22. Qxb8+ Bc8 23. Qxd6+ Qxd6 24. Rd1 Qxd1+ 25. Rxd1+ Kc7 26. Bxc8 Rxc8 27. Ne4 Nd5 28. a4 Ra8 29. b3 Re8 30. Nc5 Re2 31. Rd2 Re1+ 32. Kb2 Re3 33. a5 Nb4 34. Rd7+ Kc8 35. Rxf7 Re2 36. Rf8+ Kc7 37.
Rf7+ Kc8 38. Kc3 Nd5+ 39. Kd3 Re3+ 40. Kd2 Re7 41. Rxe7 Nxe7 42. c4 Nf5 43. b4 Nd4 44. Ne4 Nf3+ 45. Kc3 Nxh2 46. Nf6 h5 47. Ne4 Nf3 48.
b5 Ne1 49. a6 Nf3 50. b6 Kb8 51. a7+ Ka8 52. Nc5 Nd4 53. Nd7 Ne6 54. Kb4 Nd8 55. Ka5 Nb7+ 56. Ka6 Nc5+ 57. Nxc5 1-0